 Dungeon Crawl Stone Soup version 0.18-a0-775-g4d9e04e (webtiles) character file.

73 Banto the Conjurer (level 4, -4/18 HPs)
             Began as a Felid Conjurer on Dec 13, 2015.
             Was an Initiate of Pakellas.
             Slain by an orc
             ... wielding a +0 morningstar
              (10 damage)
             ... on level 3 of the Dungeon.
             The game lasted 00:04:42 (2526 turns).

Banto the Conjurer (Felid Conjurer)                 Turns: 2526, Time: 00:04:42

Health: -4/18      AC:  1    Str:  4    XL:     4   Next: 8%
Magic:  8/8        EV: 18    Int: 17    God:    Pakellas [......]
Gold:   92         SH:  0    Dex: 16    Spells: 3 memorised, 1 level left
                                        Lives:  0   Deaths: 1

rFire  . . .     SeeInvis +     (weapon unavailable)
rCold  . . .     Clarity  .     (armour unavailable)
rNeg   . . .     SustAt   .     (shield unavailable)
rPois  .         Gourm    .     (helmet unavailable)
rElec  .         Spirit   .     (cloak unavailable)
rCorr  .         Dismiss  .     (gloves unavailable)
rMut   .         Stasis   .     (boots unavailable)
MR     .....                    (no amulet)
Stlth  +++.......               (no ring)
                                (no ring)

@: quick, not resistant to hostile enchantments, fairly stealthy
A: no armour, no weapons or thrown items, claws 1, fangs 3, see invisible,
carnivore 3, speed 1, shaggy fur 1, slow metabolism 1, sharp paws
a: Renounce Religion


You were on level 3 of the Dungeon.
You worshipped Pakellas.
Pakellas was noncommittal.
You were not hungry.

You visited 1 branch of the dungeon, and saw 3 of its levels.

You collected 92 gold pieces.

Inventory:

Scrolls
 c - 3 scrolls of identify
 f - 3 scrolls of teleportation
 h - a scroll of blinking
 i - a scroll of recharging
 k - a scroll of remove curse
Potions
 e - a potion of curing
 g - a potion of heal wounds
Books
 a - a book of Conjurations

   Spells                             Type                      Level
   a - Magic Dart                     Conjuration                  1
   b - Searing Ray                    Conjuration                  2
   c - Dazzling Spray                 Conjuration/Hexes            3
   d - Fulminant Prism                Conjuration/Hexes            4
   e - Iskenderun's Mystic Blast      Conjuration                  4
   f - Iskenderun's Battlesphere      Conjuration/Charms           5
Comestibles
 b - a meat ration


   Skills:
 - Level 2.6 Dodging
 - Level 2.6 Stealth
 - Level 2.0 Spellcasting
 + Level 5.7 Conjurations


You had one spell level left.
You knew the following spells:

 Your Spells              Type           Power        Failure   Level  Hunger
a - Magic Dart            Conj           ###.         1%          1    #......
b - Searing Ray           Conj           ###...       2%          2    ###....
c - Dazzling Spray        Conj/Hex       ##......     21%         3    ###....


Dungeon Overview and Level Annotations

Branches:
Dungeon (3/15)

Altars:
Elyvilon
Nemelex Xobeh
Pakellas
Trog
Yredelemnul


Innate Abilities, Weirdness & Mutations

You cannot wear armour.
You are incapable of wielding weapons or throwing items.
You have sharp claws.
You have razor-sharp teeth.
You have supernaturally acute eyesight.
You are carnivorous and can eat meat at any time.
You cover ground quickly.
You are covered in fur (AC +1).
You have a slow metabolism.
Your sharp claws are effective at attacking unaware monsters.


Message History

The orc wizard blinks!
You scratch the orc.
You kill the orc!
Pakellas accepts your kill. The orc misses you.
You scratch the orc.
The orc is heavily wounded.
The orc closely misses you. x2
Unknown command.
You closely miss the orc. You bite the orc.
You kill the orc!
Pakellas accepts your kill. The orc closely misses you.
Items here: )) †† a club; a hand axe; an orc corpse; an orc corpse You scratch the orc but do no damage.
The orc is lightly wounded.
The orc wizard barely misses you. The orc hits you with a morningstar!
Ouch! That really hurt!
You die...

#####.# #.............##
########.###.............##
#...........###############
#.......###.### #
#.[....=......#####
##########........).....#
.........#..............#
.........#.....).o......#
.........#.....o@.......#
........................# #
....)..................#### #
......................##..## #
......................#....######
.....................##.⌠._#.....
...................[.#....(#.....
##+######............#....##.....
...#######...........'...8##.....


You could see an orc wizard and an orc.

Vanquished Creatures
  Ijyb (D:3)
  5 adders
  2 worms
  2 giant geckos
  6 orcs (D:3)
  5 giant cockroaches
  6 hobgoblins
  7 kobolds
  2 quokkas
  6 bats
  2 giant newts (D:1)
  5 goblins
  10 rats
59 creatures vanquished.

Notes
Turn   | Place    | Note
--------------------------------------------------------------
     0 | D:1      | Banto the Felid Conjurer began the quest for the Orb.
     0 | D:1      | Reached XP level 1. HP: 7/7 MP: 4/4
   279 | D:1      | Reached skill level 4 in Conjurations
   289 | D:1      | Reached XP level 2. HP: 11/11 MP: 1/6
   815 | D:2      | Reached XP level 3. HP: 11/14 MP: 4/7
   819 | D:2      | Learned a level 2 spell: Searing Ray
   823 | D:2      | Learned a level 3 spell: Dazzling Spray
   838 | D:2      | Found a bloodstained altar of Trog.
   838 | D:2      | Found a sparkling altar of Nemelex Xobeh.
  1813 | D:3      | Reached skill level 5 in Conjurations
  1999 | D:3      | Reached XP level 4. HP: 18/18 MP: 2/8
  2210 | D:3      | Found an oddly glowing altar of Pakellas.
  2211 | D:3      | Found a white marble altar of Elyvilon.
  2267 | D:3      | Became a worshipper of Pakellas the Inventive
  2319 | D:3      | Noticed Ijyb
  2356 | D:3      | Killed Ijyb
  2370 | D:3      | Killed from afar by an orc priest
  2371 | D:3      | Reached XP level 3. HP: -1/14 MP: 0/7
  2429 | D:3      | Found a basalt altar of Yredelemnul.
  2444 | D:3      | Reached XP level 4. HP: 3/18 MP: 8/8
  2526 | D:3      | Slain by an orc

Vault maps used:
D:1:      dpeg_arrival_tiny_a, st_stairs_3
D:2:      grunt_temple_overflow_open, first_bread, kennysheep_generic_room_14
D:3:      gammafunk_temple_overflow_pools, nicolae_overflow_hidden_temple,
          uniq_iyjb

Action                   |  1- 3 |  4- 6 || total
-------------------------+-------+-------++-------
Melee: Unarmed           |    89 |    53 ||   142
 Cast: Magic Dart        |    46 |    18 ||    64
       Dazzling Spray    |     4 |     1 ||     5
       Searing Ray       |       |     1 ||     1
  Use: Scroll            |     6 |     1 ||     7
       Potion            |       |     2 ||     2
 Stab: Sleeping          |     7 |       ||     7
       Invisible         |     1 |       ||     1
  Eat: Chunk             |     9 |     4 ||    13
